 Dungeon Sprint DCSS version 0.30-a0-1112-gfb780f5df6 (webtiles) character file.

Game seed: 3735094818358068816

600000 sircluck the Chopper (level 1, -37/19 HPs)
             Began as a Hill Orc Berserker on Apr 19, 2023.
             Was a Follower of Trog.
             Annihilated by a meat berserker
             ... wielding a +9 battleaxe
              (56 damage)
             ... in the Dungeon (Sprint VIII: "Arena of Blood").
             The game lasted 00:00:19 (6 turns).

sircluck the Chopper (Hill Orc Berserker)              Turns: 6, Time: 00:00:19

Health: -37/19     AC:  2    Str: 19    XL:     1   Next: 0%
Magic:  1/1        EV: 11    Int:  7    God:    Trog [*.....]
Gold:   0          SH:  0    Dex: 10    Spells: 0/0 levels left

rFire   . . .      SeeInvis .    i - +∞ Axe of Woe
rCold   . . .      Faith    .    (shield currently unavailable)
rNeg    . . .      Spirit   .    b - +0 animal skin
rPois   .          Reflect  .    (no helmet)
rElec   .          Rampage  .    (no cloak)
rCorr   .          NoTele   +    (no gloves)
Will    .....                    (no boots)
Stlth   +                        (no amulet)
HPRegen 0.23/turn                (no ring)
MPRegen 0.07/turn                (no ring)

@: no status effects
A: no striking features
a: Renounce Religion, Berserk


You were in the Dungeon.
You worshipped Trog.
Trog was aware of your devotion.
You visited 1 branch

Inventory:

Hand Weapons
 a - a +0 hand axe
 i - the +∞ Axe of Woe (weapon)
   (You found it in the Dungeon)
Armour
 b - a +0 animal skin (worn)
Scrolls
 h - a scroll of blinking
Potions
 c - a potion of curing
 d - a potion of heal wounds
 e - a potion of haste
 f - 2 potions of magic
 g - a potion of berserk rage


   Skills:
 + Level 3.6 Fighting
 + Level 4.0 Axes
 + Level 2.1 Armour
 + Level 1.5 Dodging


You couldn't memorise any spells.
You didn't know any spells.
Your spell library was empty.

Dungeon Overview and Level Annotations

Branches:
Dungeon (1/1)

Altars:
Makhleb


Message History

------------------------------------------------------------------------------ ------------------------------------------------------------------------------ -- -- -- The Arena Of Blood -- -- -- -- -- -- -- -- You descend into the pit of gibs and meat, -- -- The sunken abyss of the depraved, -- -- The mill of turgid gutspawn. -- -- The writhen instruments serve in adoration, -- -- Immured beneath a rotten throne. -- -- -- -- Before you lies the servitor of chaos, -- -- The cleaver, -- -- The blasphemer, -- -- The destroyer, -- -- The Axe of Woe. -- -- -- -- Vessel of Makhleb, -- -- You are the unmaker, -- -- You bring the rapture, -- -- The murmurs of the thralls rise... -- -- The theatre of blood begins. -- -- -- ------------------------------------------------------------------------------ ------------------------------------------------------------------------------ Welcome, sircluck the Hill Orc Berserker.
Trog says: Kill them all!
Press ? for a list of commands and other information.
Found the +∞ Axe of Woe.
Found four burning altars of Makhleb.
Found a staircase leading out of the dungeon.
Unknown command.
i - the +∞ Axe of Woe
i - the +∞ Axe of Woe (weapon)
The meat berserker appears out of thin air!
A meat berserker comes into view. It is wielding a +9 battleaxe.
You hear a shout! x4
You hear a shout! x4
A bag of meat comes into view. It is wielding a +9 war axe. x2
You hear a shout! x4
A bag of meat comes into view. It is wielding a +9 war axe.
You hear a shout! x8 2 bags of meat come into view.
The bag of meat shouts! x2; You hear a shout! x2
The meat berserker rages.
You hit the bag of meat.
You pulverise the bag of meat into a thin bloody mist.
You kill the bag of meat!
Trog accepts your kill.
You hear a shout! x6
A bag of meat comes into view. It is wielding a +9 war axe.
The meat berserker hits you with a +9 battleaxe!!!
Ouch! That really hurt!
You die...

...............
...............
............o..
.............
..........o.
#.......#
#.....).# ..
.###....@O.###...
...o..###........
......_.........
...#.....#......
#_.<._#......
#.....# .....
....._.........
......###........
.###o. ...###...


You could see a meat berserker (berserk) and 3 bags of meat.

Vanquished Creatures
  An orc (D)
1 creature vanquished.

Notes
Turn   | Place    | Note
-------+----------+-------------------------------------------
     0 | D        | Found the +∞ Axe of Woe
     0 | D        | sircluck the Hill Orc Berserker began the quest for the
                  | Orb.
     0 | D        | Reached XP level 1. HP: 19/19 MP: 1/1
     3 | D        | Noticed a meat berserker
     3 | D        | Noticed a bag of meat
     3 | D        | Noticed a bag of meat
     4 | D        | Noticed a bag of meat
     5 | D        | Noticed a bag of meat
     5 | D        | Noticed a bag of meat
     6 | D        | Killed a bag of meat
     6 | D        | Noticed a bag of meat
     6 | D        | Annihilated by a meat berserker

Illustrated notes

Levels and vault maps discovered:
D:        meatsprint

Action                     || total
---------------------------++-------
  Melee: Executioner's axe ||     1

Table legend: (Time is in decaauts)
 A = Elapsed time spent in this place.
 B = Non-inter-level travel time spent in this place.
 C = Inter-level travel time spent in this place.
 D = Time resting spent in this place.
 E = Time spent auto-exploring this place.
 F = Levels seen in this place.
 G = Mean time per level.
                   A        B        C        D        E       F      G
               +--------+--------+--------+--------+--------+-----+--------+
         Total |      5 |      5 |      0 |      0 |      0 |   1 |    5.0 |
       Dungeon |      5 |      5 |      0 |      0 |      0 |   1 |    5.0 |
               +--------+--------+--------+--------+--------+-----+--------+

Top non-repeatable levels by time:
       D: 5 daAuts
